 Dungeon Crawl Stone Soup version 0.20-a0-502-g555d78b (webtiles) character file.

189716 M4edhros the Unseen (level 18, -5/132 HPs)
             Began as an Octopode Artificer on Jan 19, 2017.
             Was an Initiate of Gozag.
             Slain by an emperor scorpion (11 damage)
             ... while paralysed by a hornet
             ... on level 4 of the Spider Nest on Jan 20, 2017.
             The game lasted 01:41:14 (30296 turns).

M4edhros the Unseen (Octopode Artificer)           Turns: 30296, Time: 01:41:15

Health: -5/132     AC: 12    Str: 11 (12) XL:     18   Next: 14%
Magic:  6/31       EV:  2    Int: 22      God:    Gozag
Gold:   879        SH:  0    Dex: 27      Spells: 13/36 levels left

rFire    + . .     SeeInvis .   T - +9 demon trident
rCold    . . .     Gourm    .   F - +5 shield {rF+}
rNeg     . . .     Faith    .   V - +2 hat of Webeodd {Int+4}
rPois    +         Spirit   .   d - brooch of Shielding {Reflect SH+8}
rElec    .         Reflect  +   x - +3 ring of protection
rCorr    .         Harm     .   B - +3 ring of protection
MR       ++...                  b - ring of Pyromania {Wiz MR+ Dex+7}
Stlth    ++++++++..             O - ring of poison resistance
Regen    0.4/turn               r - +3 ring of slaying (curse)
                                g - +4 ring of intelligence
                                w - +3 ring of dexterity
                                C - +3 ring of protection

@: paralysed, repel missiles
A: almost no armour, stealthy swim, amphibious, 8 rings, constrict 8, beak,
camouflage 1, clumsy 1, mutation resistance 1, robust 1, gelatinous body 1
}: 1/15 runes: decaying
a: Potion Petition, Call Merchant, Bribe Branch, Renounce Religion


You were on level 4 of the Spider Nest.
You worshipped Gozag.
Gozag was pleased with you.
You were not hungry.

You visited 5 branches of the dungeon, and saw 30 of its levels.
You also visited: Labyrinth and Ice Cave.

You collected 11593 gold pieces.
You spent 2007 gold pieces at shops.
You paid 8707 gold pieces to Gozag.

Inventory:

Hand Weapons
 t - the +2 trident of Poshrucit {venom, rC+ MR+ Str+2 SInv}
   (You found it on level 3 of the Spider Nest)

   It poisons the flesh of those it strikes.
   It affects your strength (+2).
   It protects you from cold.
   It affects your resistance to hostile enchantments.
   It lets you see invisible.
 y - the +9 long sword of the Moon {pain, rF- MP+9 Dex+4 Stlth+}
   (You found it on level 4 of the Dungeon)

   In the hands of one skilled in necromantic magic, it inflicts extra damage on
   living creatures.
   It affects your dexterity (+4).
   It makes you vulnerable to fire.
   It affects your magic capacity (+9).
   It makes you more stealthy.
 T - a +9 demon trident (weapon)
Missiles
 m - 849 stones (quivered)
 N - 166 sling bullets
Armour
 F - a +5 shield of fire resistance (worn)
 V - the +2 hat of Webeodd (worn) {Int+4}
   (You bought it in a shop on level 10 of the Dungeon)

   It affects your intelligence (+4).
Jewellery
 b - the ring of Pyromania (on tentacle) {Wiz MR+ Dex+7}
   (You bought it in a shop on level 9 of the Dungeon)

   [ring of wizardry]

   It improves your spell success rate.
   It affects your dexterity (+7).
   It affects your resistance to hostile enchantments.
 d - the brooch of Shielding (around mantle) {Reflect SH+8}
   (You bought it in a shop on level 1 of the Orcish Mines)

   [amulet of reflection]

   It shields you and reflects attacks.
   It affects your SH (+8).
 f - an uncursed ring of protection from magic
 g - a +4 ring of intelligence (on tentacle)
 r - a cursed +3 ring of slaying (on tentacle)
 w - a +3 ring of dexterity (on tentacle)
 x - a +3 ring of protection (left tentacle)
 B - a +3 ring of protection (right tentacle)
 C - a +3 ring of protection (on tentacle)
 O - a ring of poison resistance (on tentacle)
Wands
 a - a wand of iceblast (8/15)
 c - a wand of flame (17/48)
 h - a wand of clouds (3/9)
 o - a wand of lightning (8/15)
 q - a wand of iceblast (7/15)
 E - a wand of iceblast (6/15)
 H - a wand of clouds (2/9)
 I - a wand of paralysis (0/24)
 S - a wand of lightning (4/15)
 W - a wand of digging (18/24)
 X - a wand of confusion (26/48)
Scrolls
 e - 6 scrolls of teleportation
 n - 2 scrolls of fog
 p - 4 scrolls of immolation
 s - 2 scrolls of blinking
 L - a scroll of identify
 Y - 2 scrolls of remove curse
Potions
 i - 3 potions of curing
 j - a potion of might
 k - 4 potions of flight
 l - a potion of invisibility
 v - 5 potions of brilliance
 J - 3 potions of resistance
 K - 2 potions of magic
 M - 2 potions of agility
 Z - 6 potions of lignification
Miscellaneous
 P - a phial of floods
 U - a sack of spiders
Comestibles
 A - 21 bread rations
 D - 5 beef jerkies
 Q - 5 meat rations
 R - 32 fruits


   Skills:
 * Level 9.6 Fighting
   Level 1.0(5.8) Short Blades
 - Level 9.2 Long Blades
 * Level 11.1 Polearms
 + Level 9.2 Dodging
 - Level 15.0 Stealth
 * Level 14.9 Shields
 - Level 9.5 Spellcasting
 - Level 5.2 Hexes
 - Level 3.9 Charms
 - Level 4.5 Summonings
 - Level 6.3 Necromancy
 - Level 4.9 Fire Magic
 - Level 4.0 Ice Magic
 - Level 2.2 Air Magic
 - Level 4.3 Poison Magic
 - Level 10.4 Evocations


You had 13 spell levels left.
You knew the following spells:

 Your Spells              Type           Power        Failure   Level  Hunger
a - Animate Skeleton      Necr           N/A          1%          1    None
b - Mephitic Cloud        Conj/Pois/Air  ###.....     4%          3    None
c - Regeneration          Chrm/Necr      ####......   1%          3    None
d - Inner Flame           Hex/Fire       ####....     1%          3    None
e - Ozocubu's Armour      Chrm/Ice       ####....     1%          3    None
f - Summon Ice Beast      Ice/Summ       ####....     4%          4    ##.....
g - Repel Missiles        Chrm/Air       ###...       1%          2    None
h - Shroud of Golubria    Chrm/Tloc      ###.......   2%          2    None
i - Blink                 Tloc           N/A          4%          2    None


Dungeon Overview and Level Annotations

Branches:
Dungeon (14/15)            Temple (0/1) D:5            Lair (6/6) D:9
  Swamp (4/4) Lair:3       Spider (4/4) Lair:4        Slime (0/5) Lair:5
    Orc (2/2) D:11            Elf (0/3) Orc:2        Vaults (0/5) D:13

Altars:
Dithmenos
Fedhas
Gozag
Kikubaaqudgha
Qazlal
Sif Muna
Trog
Uskayaw
Vehumet
Xom
Yredelemnul
Zin
The Shining One
Beogh
Jiyva

Shops:
D:7 *   D:8 *   D:9 =   D:10 [   D:11 ?   D:13 ((   Orc:1 ==*   Orc:2 (=[*
Lair:5 (   Spider:1 (   Spider:3 :

Annotations:
D:7 1 runed door
D:14 1 runed door
Spider:2 exclusion: obsidian statue
Spider:4 Bai Suzhen
Orc:2 MirrMurr's ghost, journeyman TeBe


Innate Abilities, Weirdness & Mutations

You cannot wear most types of armour.
You are very stealthy in the water. (Stealth+)
You are amphibious.
You can wear up to eight rings at the same time.
You can use your tentacles to constrict eight enemies at once.
Your skin changes colour to match your surroundings (Stealth+).
Your rubbery body absorbs attacks. (AC +1, EV +1)
You have a beak for a mouth.
You are clumsy. (Dex -2)
You are somewhat resistant to further mutation.
You are robust. (+10% HP)


Message History

The wolf spider completely misses you. x2; The hornet stings you!
* * * LOW HITPOINT WARNING * * *
You suddenly lose the ability to move!
You lose your grip on the hornet.
The emperor scorpion stings you.
* * * LOW HITPOINT WARNING * * *
The emperor scorpion claws you.
* * * LOW HITPOINT WARNING * * *
The emperor scorpion claws you but does no damage.
The wolf spider hits you!
* * * LOW HITPOINT WARNING * * *
The wolf spider bites you but does no damage.
The hornet stings you but does no damage.
The wolf spider hits you but does no damage.
The wolf spider bites you but does no damage.
The hornet barely misses you. The redback bites you!
* * * LOW HITPOINT WARNING * * *
The emperor scorpion stings you but does no damage.
The emperor scorpion claws you!
You die...
Your body crumbles into a pile of gold.

*,,,,,≈,,≈*,*,* #...#
**,**,**,***,,* ###...##
****,≈≈****,,** ###...#..#
**,≈≈,,≈,**,,* #.....#.<####
***≈,,,,****,* ##$..[##...#.#
****≈.s**#*#######..$.###.....##
,*,,,....#≈#$#..#....## #.#..#.#
,,,*,,,#.$$$$$$ys$...# ##..#:.##
,≈,*,,,#≈$$$$.#s@....####....^#..
≈*,,≈.≈..#≈#.#.s#.......#...#..#.
****≈..#*#########^.$#.....##..#.
* *≈,.,,* **,* ##..#^........#. *
*,,,,≈* *,,* #...##.#......#
****≈≈,****,,** #########.#....
**,**,**,***,,* #..##..
*,,,,,,,,,*,*,* #####<#
,,≈,,,,,≈,,*,,* ##.


You could see an emperor scorpion, a wolf spider, a hornet and a redback.

Vanquished Creatures
  Arachne (Spider:3)
  Rupert (Lair:4)
  Frances (D:13)
  3 thorn hunters
  Kirke (Lair:4)
  The ghost of lupus83 the Fencer, a journeyman MiBe of Trog (Spider:1)
  A frost giant (IceCv)
  An orc warlord (Orc:2)
  3 emperor scorpions
  2 ghost moths (Spider:4)
  3 entropy weavers (Spider:2)
  Azrael (Spider:2)
  2 spark wasps
  Snorg (Orc:1)
  A minotaur (Lab)
  6 slime creatures
  3 ghost crabs
  2 vault guards (D:13)
  16 hydras
  4 two-headed ogres
  2 death yaks
  6 alligators
  3 tengu warriors
  The ghost of Oki the Martial Artist, a novice OpMo of Okawaru (D:8)
  Urug (D:12)
  Sonja (D:13)
  An orc high priest (Orc:2)
  Nergalle (Orc:2)
  A spriggan druid (Swamp:4)
  12 swamp dragons
  A shambling mangrove (Swamp:4)
  3 orc knights (Orc:2)
  21 orb spiders
  A wizard (D:14)
  2 necromancers (D:13)
  A deep elf mage (D:14)
  2 orc sorcerers (Orc:2)
  3 manticores
  A moth of wrath (Spider:4)
  28 wolf spiders
  Maurice (D:13)
  2 black mambas (Lair:5)
  20 spiny frogs
  A centaur zombie (D:12)
  An ice statue (IceCv)
  A gargoyle (D:12)
  5 rime drakes
  2 komodo dragons
  A tengu conjurer (D:13)
  2 tyrant leeches
  A queen bee (Lair:4)
  9 trolls
  9 demonic crawlers
  46 jumping spiders
  3 meliai (Lair:4)
  18 polar bears
  22 hornets
  9 blink frogs
  12 bog bodies
  2 electric eels
  2 dream sheep (Lair:6)
  10 hippogriffs
  44 redbacks
  2 vampires
  19 spriggans
  21 humans (D:13)
  24 tarantellas
  A shadow (Swamp:4)
  A hog (Lair:4)
  34 yaks
  4 hungry ghosts
  3 basilisks
  5 fire elementals
  12 vampire mosquitoes
  3 wargs
  14 insubstantial wisps
  23 swamp worms
  2 hell hounds (Spider:2)
  13 porcupines
  15 water moccasins
  12 swamp drakes
  7 ice beasts
  2 sky beasts
  23 orc warriors
  4 phantoms
  A black bear (shapeshifter) (D:13)
  7 necrophages
  7 black bears
  2 eyes of draining
  9 ogres
  38 wolves
  4 boggarts (Lair:6)
  7 crocodiles
  6 centaurs
  4 big kobolds
  21 bullfrogs
  A scorpion (D:8)
  A wyvern skeleton (D:11)
  41 killer bees
  3 wights (D:10)
  7 howler monkeys
  A bullfrog zombie (D:11)
  4 crimson imps
  12 hounds
  A quasit (D:13)
  4 jellies
  2 bullfrog skeletons
  23 orc priests
  3 centaur skeletons
  2 iguanas
  27 orc wizards
  9 worker ants
  Natasha (thrice) (D:4)
  A killer bee zombie (D:5)
  A worker ant zombie (D:5)
  13 adders
  An ooze (D:2)
  An adder zombie (D:5)
  2 adder skeletons
  3 dart slugs
  6 leopard geckos
  51 orcs
  8 bats
  6 giant cockroaches
  8 goblins
  9 hobgoblins
  23 jackals
  22 kobolds
  8 quokkas
  A ball python (D:1)
  5 frilled lizards
  A kobold zombie (D:7)
  A leopard gecko skeleton (D:9)
  A quokka skeleton (D:8)
  9 rats
  A butterfly (Lair:6)
  A fungus (Lair:2)
1046 creatures vanquished.

Vanquished Creatures (collateral kills)
  A hydra (Swamp:4)
  A two-headed ogre (D:8)
  A swamp dragon (Swamp:4)
  An orb spider (Spider:2)
  A wolf spider (Spider:2)
  A demonic crawler (Spider:2)
  A jumping spider (Spider:2)
  A tyrant leech (Swamp:4)
  A polar bear (IceCv)
  A hippogriff (D:12)
  3 redbacks (Spider:2)
  A spriggan (Swamp:1)
  A yak (D:9)
  An ogre (D:9)
  An orc warrior (D:12)
  3 swamp drakes (Swamp:4)
  A wolf (IceCv)
  A bullfrog (D:9)
  A scorpion (D:8)
  A howler monkey (D:9)
  An orc priest (D:12)
  A bullfrog skeleton (D:12)
  3 orc wizards
  5 orcs
  A kobold (D:14)
  A fungus (Swamp:4)
  A plant (D:9)
37 creatures vanquished.

Vanquished Creatures (others)
  2 hydras (Swamp:4)
  A spriggan druid (Swamp:2)
  A troll (D:8)
  A rime drake (IceCv)
  A jumping spider (Spider:2)
  A tyrant leech (Swamp:2)
  2 redbacks (Spider:2)
  A spriggan (Swamp:1)
  A human (Lair:4)
  An electric eel (D:9)
  A swamp worm (Swamp:2)
  A centaur (D:9)
  A wyvern zombie (D:14)
  A worm (D:2)
  A bush (Swamp:4)
  11 fungi
  4 plants
32 creatures vanquished.

Grand Total: 1115 creatures vanquished

Notes
Turn   | Place    | Note
-------+----------+-------------------------------------------
     0 | D:1      | M4edhros the Octopode Artificer began the quest for the Orb.
     0 | D:1      | Reached XP level 1. HP: 13/13 MP: 3/3
    38 | D:1      | Reached skill level 2 in Stealth
   184 | D:1      | Reached skill level 3 in Stealth
   184 | D:1      | Reached XP level 2. HP: 18/18 MP: 4/4
   256 | D:2      | Reached skill level 4 in Stealth
   267 | D:2      | Reached XP level 3. HP: 23/23 MP: 5/5
   519 | D:2      | Reached skill level 5 in Stealth
   595 | D:2      | Found an opulent altar of Gozag.
   601 | D:2      | Became a worshipper of Gozag Ym Sagoz the Greedy
   611 | D:2      | Reached XP level 4. HP: 17/28 MP: 6/6
  1050 | D:1      | Reached skill level 6 in Stealth
  1433 | D:2      | Found an ancient bone altar of Kikubaaqudgha.
  1437 | D:2      | Found a deep blue altar of Sif Muna.
  1438 | D:2      | Reached XP level 5. HP: 30/33 MP: 7/7
  1441 | D:2      | Found a radiant altar of Vehumet.
  1465 | D:2      | Identified Kikubaaqudgha's Almanac of Darkness
  1644 | D:3      | Reached skill level 7 in Stealth
  1768 | D:3      | Found a shimmering altar of Xom.
  2051 | D:3      | Found a glowing silver altar of Zin.
  2357 | D:4      | Noticed Natasha
  2361 | D:4      | Killed Natasha
  2441 | D:4      | Reached XP level 6. HP: 24/39 MP: 8/8
  2493 | D:4      | Got an ichor-stained long sword
  2494 | D:4      | Identified the +9 long sword of the Moon {pain, rF- MP+9 Dex+4 Stlth+} (You found it on level 4 of the Dungeon)
  2500 | D:4      | Learned a level 1 spell: Animate Skeleton
  2501 | D:4      | Noticed Natasha
  2511 | D:4      | Killed Natasha
  2542 | D:4      | Noticed Natasha
  2544 | D:4      | Killed Natasha
  2544 | D:4      | Reached skill level 1 in Shields
  2719 | D:4      | Reached skill level 1 in Long Blades
  2957 | D:5      | Entered Level 5 of the Dungeon
  2961 | D:5      | Found an opulent altar of Gozag.
  2963 | D:5      | Found a glowing golden altar of the Shining One.
  2970 | D:5      | Reached skill level 1 in Necromancy
  3107 | D:5      | Noticed a phantom
  3133 | D:5      | Killed a phantom
  3133 | D:5      | Reached XP level 7. HP: 28/45 MP: 9/9
  3227 | D:5      | Found a staircase to the Ecumenical Temple.
  3469 | D:5      | You fall through a shaft for 3 floors!
  3536 | D:8      | Noticed a troll
  3550 | D:8      | Reached skill level 8 in Stealth
  3667 | D:8      | Reached XP level 8. HP: 48/51 MP: 10/10
  3671 | D:8      | Noticed a two-headed ogre
  3675 | D:8      | Killed a two-headed ogre
  4157 | D:8      | Reached XP level 9. HP: 47/57 MP: 11/11
  4184 | D:8      | Noticed Oki's ghost (novice OpMo)
  4215 | D:8      | Killed Oki's ghost
  4215 | D:8      | Reached skill level 9 in Stealth
  4215 | D:8      | Reached skill level 5 in Necromancy
  4289 | D:8      | Reached skill level 5 in Long Blades
  4502 | D:7      | Found a basalt altar of Yredelemnul.
  4502 | D:7      | Found a hide-covered altar of Uskayaw.
  4502 | D:7      | Found a shadowy altar of Dithmenos.
  4502 | D:7      | Found a bloodstained altar of Trog.
  4505 | D:7      | Found a blossoming altar of Fedhas.
  4607 | D:7      | Found a runed door.
  4639 | D:7      | Reached skill level 5 in Evocations
  4672 | D:7      | Reached XP level 10. HP: 59/65 MP: 13/13
  4715 | D:7      | Found a basalt altar of Yredelemnul.
  4728 | D:7      | Found Git Moat's General Store.
  4749 | D:7      | Bought a potion of curing for 42 gold pieces
  5357 | D:6      | Learned a level 3 spell: Mephitic Cloud
  5360 | D:6      | Learned a level 2 spell: Repel Missiles
  5364 | D:6      | Learned a level 3 spell: Inner Flame
  5375 | D:6      | Reached skill level 10 in Stealth
  5897 | D:9      | Found a staircase to the Lair.
  6041 | D:9      | Reached skill level 5 in Dodging
  6178 | D:9      | Reached skill level 5 in Fighting
  6279 | D:9      | Reached skill level 5 in Shields
  6754 | D:9      | Found a radiant altar of Vehumet.
  6850 | Lair:1   | Entered Level 1 of the Lair of Beasts
  7000 | D:10     | Entered Level 10 of the Dungeon
  7330 | D:10     | Found Vyof's Antique Armour Emporium.
  7338 | D:10     | Bought a spiked hat for 360 gold pieces
  7343 | D:10     | Identified the +2 hat of Webeodd {Int+4} (You bought it in a shop on level 10 of the Dungeon)
  7360 | D:10     | Reached XP level 11. HP: 72/72 MP: 16/16
  7921 | D:11     | Identified a scroll of acquirement
  7922 | D:11     | Got a transparent bone amulet
  7924 | D:11     | Identified the amulet "Cag Myrusk" {RegenMP *Drain rN+ SInv} (You acquired it on level 11 of the Dungeon)
  7936 | D:11     | Noticed a two-headed ogre
  7941 | D:11     | Killed a two-headed ogre
  8057 | D:11     | Noticed a manticore
  8065 | D:11     | Noticed a two-headed ogre
  8078 | D:11     | Killed a two-headed ogre
  8212 | D:11     | Found a staircase to the Orcish Mines.
  8251 | D:11     | Found a frozen archway.
  8264 | D:11     | Reached skill level 11 in Stealth
  8274 | IceCv    | Entered an ice cave
  8666 | IceCv    | Noticed a death yak
  8680 | IceCv    | Killed a death yak
  8970 | IceCv    | Gained mutation: You have a beak for a mouth. [potion of mutation]
  8970 | IceCv    | Gained mutation: You are dopey. (Int -2) [potion of mutation]
  8970 | IceCv    | Gained mutation: Your body sometimes deteriorates upon taking damage. [potion of mutation]
  9002 | IceCv    | Lost mutation: You are dopey. (Int -2) [potion of cure mutation]
  9002 | IceCv    | Lost mutation: Your body sometimes deteriorates upon taking damage. [potion of cure mutation]
  9034 | IceCv    | Reached XP level 12. HP: 42/77 MP: 18/18
  9924 | IceCv    | Noticed a frost giant
 10087 | IceCv    | Reached skill level 12 in Stealth
 10432 | IceCv    | Killed a frost giant
 10432 | IceCv    | Reached skill level 10 in Evocations
 10445 | IceCv    | Identified the Almanac of the Snowflakes
 10838 | D:11     | Noticed a two-headed ogre
 10845 | D:11     | Killed a two-headed ogre
 11156 | D:12     | Noticed Urug
 11336 | D:9      | Bought the ring of Pyromania {Wiz MR+ Dex+7} for 687 gold pieces
 11406 | D:12     | Noticed a tengu warrior
 11408 | D:12     | Noticed a tengu warrior
 11420 | D:11     | Killed a tengu warrior
 11473 | D:12     | Reached skill level 1 in Spellcasting
 11476 | D:12     | Noticed a two-headed ogre
 11490 | D:12     | Reached skill level 1 in Poison Magic
 11492 | D:12     | Killed a two-headed ogre
 11492 | D:12     | Reached skill level 1 in Hexes
 11492 | D:12     | Reached skill level 1 in Air Magic
 11540 | D:12     | Reached XP level 13. HP: 82/85 MP: 20/20
 11592 | D:12     | Reached skill level 1 in Charms
 12002 | D:12     | Killed Urug
 12152 | D:13     | Reached skill level 1 in Polearms
 12247 | D:13     | Noticed Sonja
 12251 | D:13     | Noticed Frances
 12266 | D:13     | Killed Sonja
 12266 | D:13     | Reached skill level 10 in Shields
 12375 | D:14     | Found a glowing golden altar of the Shining One.
 12377 | D:14     | Noticed an angel
 12399 | D:14     | Found a runed door.
 12515 | D:13     | Found Opix's Weapon Boutique.
 12586 | D:13     | Noticed Maurice
 12621 | D:13     | Killed Maurice
 12704 | D:13     | Found Peollepn's Weapon Shoppe.
 12743 | D:13     | Killed Frances
 13000 | D:13     | Reached skill level 13 in Stealth
 13034 | D:13     | Noticed a vault guard
 13042 | D:13     | Killed a vault guard
 13094 | D:13     | Noticed a vault guard
 13102 | D:13     | Killed a vault guard
 13128 | D:13     | Found a gate to the Vaults.
 13383 | D:14     | HP: 4/86 [catoblepas (33)]
 13529 | D:13     | Reached XP level 14. HP: 92/92 MP: 21/21
 13635 | Orc:1    | Entered Level 1 of the Orcish Mines
 13918 | Orc:2    | Entered Level 2 of the Orcish Mines
 13979 | Orc:2    | Found a staircase to the Elven Halls.
 14092 | Orc:1    | Found Gohoa's Assorted Antiques.
 14100 | Orc:1    | Noticed Snorg
 14116 | Orc:1    | Killed Snorg
 14268 | Orc:1    | Bought a peridot ring for 130 gold pieces
 15250 | Lair:1   | Learned a level 3 spell: Ozocubu's Armour
 15264 | Lair:1   | Learned a level 4 spell: Summon Ice Beast
 15552 | Lair:2   | Reached skill level 1 in Fire Magic
 15641 | Lair:2   | Reached skill level 1 in Summonings
 15808 | Lair:2   | Reached skill level 5 in Spellcasting
 16653 | Lair:3   | Found a labyrinth entrance.
 16661 | Lab      | Entered a labyrinth
 16983 | Lab      | Learned a level 3 spell: Regeneration
 17232 | Lair:3   | Reached skill level 5 in Polearms
 17756 | Lair:3   | Found a staircase to the Swamp.
 18217 | Lair:4   | Found a hole to the Spider Nest.
 18685 | Lair:4   | Found a stormy altar of Qazlal.
 18726 | Lair:4   | Noticed Kirke
 18738 | Lair:4   | Killed Kirke
 19016 | Lair:4   | Noticed Rupert
 19029 | Lair:4   | Killed Rupert
 19083 | Spider:1 | Entered Level 1 of the Spider Nest
 19174 | Lair:5   | Found a viscous altar of Jiyva.
 19174 | Lair:5   | Found a staircase to the Slime Pits.
 19298 | Lair:5   | Reached XP level 15. HP: 99/99 MP: 23/23
 19572 | Lair:5   | Learned a level 2 spell: Shroud of Golubria
 19575 | Lair:5   | Learned a level 2 spell: Blink
 19942 | Lair:6   | Entered Level 6 of the Lair of Beasts
 20040 | Lair:6   | Reached skill level 5 in Hexes
 20085 | Lair:6   | Reached skill level 14 in Stealth
 21388 | Orc:2    | Noticed an orc warlord
 21414 | Orc:2    | Killed an orc warlord
 21420 | Orc:2    | Reached skill level 1 in Ice Magic
 21657 | Orc:2    | Noticed Nergalle
 21668 | Orc:2    | Found a roughly hewn altar of Beogh.
 21892 | Orc:2    | Killed Nergalle
 21910 | Orc:2    | Found Ighabocw's Antique Weapon Emporium.
 21934 | Orc:2    | Found Xiexzom's General Store.
 21948 | Orc:2    | Found Laes's Jewellery Emporium.
 21958 | Orc:2    | Found Xab Mim's Antique Armour Emporium.
 22151 | Orc:2    | Noticed MirrMurr's ghost (journeyman TeBe)
 22370 | Orc:1    | Bought the brooch of Shielding {Reflect SH+8} for 448 gold pieces
 22554 | Orc:1    | Bought an uncursed ring of poison resistance for 340 gold pieces
 22775 | Swamp:1  | Entered Level 1 of the Swamp
 23800 | Swamp:2  | Reached XP level 16. HP: 60/105 MP: 26/26
 24294 | Swamp:3  | Noticed a thorn hunter
 24409 | Swamp:3  | Killed a thorn hunter
 24446 | Swamp:3  | Noticed a thorn hunter
 24506 | Swamp:3  | Killed a thorn hunter
 24986 | Swamp:4  | Entered Level 4 of the Swamp
 25172 | Swamp:4  | HP: 5/105 [seven-headed hydra (5)]
 25379 | Swamp:2  | Noticed a thorn hunter
 25389 | Swamp:2  | Killed a thorn hunter
 26097 | Swamp:4  | Reached skill level 15 in Stealth
 26405 | Swamp:4  | Got a decaying rune of Zot
 26928 | Spider:1 | Noticed lupus83's ghost (journeyman MiBe)
 27151 | Spider:1 | Killed lupus83's ghost
 27259 | Spider:1 | Reached XP level 17. HP: 95/109 MP: 21/29
 27656 | Spider:2 | Noticed Azrael
 27837 | Spider:2 | Killed Azrael
 27924 | Spider:2 | Gained mutation: You are somewhat resistant to further mutation. [potion of mutation]
 27924 | Spider:2 | Gained mutation: You are robust. (+10% HP) [potion of mutation]
 27924 | Spider:2 | Gained mutation: You are clumsy. (Dex -2) [potion of mutation]
 28259 | Spider:2 | Reached skill level 10 in Polearms
 29100 | Spider:3 | Noticed Arachne
 29121 | Spider:3 | Killed Arachne
 29723 | Spider:3 | Got a slimy trident
 29724 | Spider:3 | Identified the +2 trident of Poshrucit {venom, rC+ MR+ Str+2 SInv} (You found it on level 3 of the Spider Nest)
 29843 | Spider:4 | Entered Level 4 of the Spider Nest
 30051 | Spider:4 | Noticed Bai Suzhen
 30184 | Spider:4 | Reached XP level 18. HP: 105/129 MP: 31/31
 30294 | Spider:4 | Paralysed by a hornet for 3 turns
 30296 | Spider:4 | HP: 6/132 [redback (11)]
 30296 | Spider:4 | Slain by an emperor scorpion

Vault maps used:
D:1:      arrival_zaba_pyramid
D:2:      grunt_temple_overflow_magic_moments, nicolae_gozag_seed_capital
D:3:      zin_treasury, minivault_4, brannock_xom_greatest_gift
D:4:      first_bread, bh_walls_and_bars, uniq_natasha
D:5:      grunt_temple_overflow_open
D:7:      nicolae_overflow_hidden_temple, serial_shops, shop,
          dk_yredelemnul_ordeal
D:8:      kennysheep_blocky_room
D:9:      dpeg_oklobed_lair, basic_altar, serial_bayou, serial_bayou_pond_e,
          serial_bayou_pond_b, serial_bayou_pond_d, serial_bayou_shore_b
D:10:     serial_shops, nicolae_shop_statue_plus
D:11:     kennysheep_ambush_hall, orc_0_dummy, serial_glass, glass_columns_a,
          glass_columns_b, glass_columns_b, glass_columns_a,
          portal_ice_cave_rime
D:12:     uniq_urug
D:13:     grunt_vaults_entry_tiered, serial_shops, shop, shop, uniq_sonja,
          uniq_frances, uniq_maurice
D:14:     regret_index_bee_streams, grunt_pizzeria, lemuel_angel_altar
Lair:1:   serial_bayou_shore_b
Lair:3:   nicolae_swamp_entry_splash_gauntlet, lab_entry_generic,
          beast_lair_carwin_9
Lair:4:   nicolae_spider_entry_tight_spaces, special_room, basic_altar,
          lemuel_old_faithful, lemuel_fruit_tree, uniq_kirke, uniq_rupert
Lair:5:   slime_altar_1, minivault_25, roderic_carrion_pond, grunt_megastairs_5
Lair:6:   minmay_lair_end_enchanted_forest, lemuel_fruit_fields,
          infiniplex_staircase_pool, lemuel_fruit_fields
Swamp:1:  evilmike_swamp_ruin_rubble_2
Swamp:2:  evilmike_swamp_ruin_house_1, swamp_pool5
Swamp:3:  hangedman_swamp_ruin_wall, swamp_pool2, grunt_lady_of_the_lake
Swamp:4:  grunt_swamp_rune_castle
Spider:1: special_room
Spider:2: spider_temple_joshua, guppyfry_spider_mini_3, uniq_azrael
Spider:3: uniq_arachne
Spider:4: guppyfry_spider_rune, uniq_bai_suzhen
Orc:1:    serial_shops, nicolae_shop_stone, uniq_snorg
Orc:2:    grunt_orc_cross
Lab:      labyrinth_watery, nicolae_lab_starburst, nicolae_lab_big_swirl,
          nicolae_lab_grate, nicolae_lab_very_dead_end,
          labyrinth_skeletal_remains
IceCv:    ice_cave_caverns_01

Skill      XL: |  1  2  3  4  5  6  7  8  9 10 11 12 13 14 15 16 17 18 |
---------------+-------------------------------------------------------+-----
Stealth        | 3 4 5 6 7 8 9 10 11 12 13 14 15 | 15.0
Shields        | 1 2 4 5 7 9 10 11 12 13 14 | 14.9
Long Blades    | 1 2 4 5 7 8 9 |  9.2
Fighting       | 2 3 4 5 6 7 8 9 |  9.6
Dodging        | 3 4 5 6 7 9 |  9.2
Necromancy     | 1 3 4 6 |  6.3
Evocations     | 5 6 8 10 | 10.4
Spellcasting   | 1 4 5 7 8 9 |  9.5
Poison Magic   | 1 3 4 |  4.3
Hexes          | 1 3 4 5 |  5.2
Air Magic      | 1 2 |  2.2
Charms         | 2 3 |  3.9
Polearms       | 4 5 7 9 10 11 | 11.1
Fire Magic     | 3 4 |  4.9
Summonings     | 3 4 |  4.5
Ice Magic      | 2 4 |  4.0
Short Blades   | |  1.0

Action                   |  1- 3 |  4- 6 |  7- 9 | 10-12 | 13-15 | 16-18 || total
-------------------------+-------+-------+-------+-------+-------+-------++-------
Melee: Short sword       |    35 |    15 |       |       |       |       ||    50
       Constrict         |    10 |    35 |    29 |    65 |   214 |   172 ||   525
       Tentacles         |     5 |    23 |    28 |   129 |   386 |   354 ||   925
       Dagger            |       |   110 |       |       |     4 |       ||   114
       Long sword        |       |    25 |   119 |   471 |   447 |       ||  1062
       Peck              |       |       |       |    68 |   409 |   317 ||   794
       Demon trident     |       |       |       |       |   939 |  1056 ||  1995
       Trident           |       |       |       |       |       |    19 ||    19
 Cast: Mephitic Cloud    |       |       |       |       |     9 |    30 ||    39
       Repel Missiles    |       |       |       |       |     2 |     1 ||     3
       Regeneration      |       |       |       |       |    11 |    54 ||    65
       Ozocubu's Armour  |       |       |       |       |     5 |     8 ||    13
       Summon Ice Beast  |       |       |       |       |       |     4 ||     4
       Shroud of Golubri |       |       |       |       |       |     1 ||     1
       Inner Flame       |       |       |       |       |       |     1 ||     1
Invok: Call Merchant     |       |       |     1 |     2 |     3 |     2 ||     8
       Potion Petition   |       |       |       |     1 |       |       ||     1
Evoke: Wand              |     7 |     5 |    19 |    39 |    27 |    47 ||   144
       Phial of floods   |       |       |       |     2 |       |     2 ||     4
       Box of beasts     |       |       |       |       |     1 |       ||     1
       Sack of spiders   |       |       |       |       |     2 |       ||     2
  Use: Scroll            |       |       |     8 |    13 |    18 |    12 ||    51
       Potion            |       |       |       |    15 |    11 |     9 ||    35
 Stab: Sleeping          |    11 |    25 |    11 |    31 |    68 |    15 ||   161
       Distracted        |       |     3 |     3 |    11 |    27 |    24 ||    68
       Paralysed         |       |       |     4 |    18 |    27 |    25 ||    74
       Invisible         |       |       |       |     4 |       |       ||     4
       Confused          |       |       |       |       |    11 |    43 ||    54
  Eat: Pizza             |       |     1 |       |     3 |     5 |       ||     9
       Beef jerky        |       |     1 |       |     2 |     3 |     1 ||     7
       Bread ration      |       |     1 |       |     1 |       |     1 ||     3
       Meat ration       |       |       |     1 |     2 |     5 |       ||     8
       Royal jelly       |       |       |       |       |     4 |    11 ||    15
Armor: Skin              |     1 |     5 |     2 |    36 |   144 |   142 ||   330
Dodge: Dodged            |    14 |    63 |    70 |   238 |   471 |   436 ||  1292
       Deflected         |       |       |       |       |     4 |     3 ||     7
Block: Buckler           |       |     6 |    35 |    15 |       |       ||    56
       Shield            |       |       |       |   259 |   971 |  1265 ||  2495
       Reflection        |       |       |       |       |     3 |     5 ||     8
       Rpst.: Long sword |       |     2 |    23 |    53 |    39 |       ||   117
